 Dungeon Crawl Stone Soup version 0.31-a0-845-g9abc20d24f (webtiles) character file.

Game seed: 870670217677205658

354168 tilp the Unseen (level 21, -11/178 HPs)
             Began as a Vampire Enchanter on Sept 28, 2023.
             Was the Champion of Wu Jian.
             Mangled by a peacekeeper (28 damage)
             ... on level 4 of the Vaults on Oct 1, 2023.
             The game lasted 02:55:10 (63682 turns).

tilp the Unseen (Vampire Enchanter)                Turns: 63682, Time: 02:55:10

Health: -11/178    AC: 27    Str:  7    XL:     21   Next: 35%
Magic:  30/36      EV: 19    Int: 28    God:    Wu Jian [******]
Gold:   181        SH: 14    Dex: 16    Spells: 2/43 levels left

rFire   . . .        a - +9 dagger (freeze)
rCold   . . .        s - +3 buckler {AC+3}
rNeg    . . .        z - +2 leather armour {Will+}
rPois   .            h - +2 helmet {Int+3}
rElec   .            A - +2 cloak of the Thief {*Fog Slay-2 SInv Stlth+}
rCorr   .            o - +2 pair of gloves
SInv    +            G - +2 pair of boots
Will    ++++.        V - amulet of reflection
Stlth   ++++++++     P - +4 ring of protection
HPRegen 0.69/turn    O - ring of willpower
MPRegen 0.25/turn

%: reflection
@: healing quickly, studying Shields
A: alive, fangs 3, see invisible, vampiric 2, clumsy 1
}: 2/15 runes: decaying, gossamer
a: Exsanguinate, Renounce Religion, Wall Jump, Serpent's Lash, Heavenly Storm


You were on level 4 of the Vaults.
You worshipped Wu Jian.
Wu Jian was exalted by your worship.
You visited 8 branches of the dungeon, and saw 36 of its levels.
You visited 1 bazaar.
You also visited: Bailey.

You collected 4053 gold pieces.
You spent 3872 gold pieces at shops.

Inventory:

Hand Weapons
 a - a +9 dagger of freezing (weapon)
 b - the +6 quick blade of Discord {vamp, Will+ Str+2}
   (You acquired it on level 1 of the Vaults)

   Str+2:     It affects your strength (+2).
   Will+:     It increases your willpower.
 d - a +3 demon blade
 Q - the +8 dagger of Articulation {flame, rN+ SInv}
   (You bought it in a shop on level 2 of the Orcish Mines)

   rN+:       It protects you from negative energy.
   SInv:      It lets you see invisible.
 Z - a +4 dagger of electrocution
Missiles
 j - 14 curare-tipped darts
 C - 73 poisoned darts (quivered)
 F - 32 boomerangs
 H - 4 silver javelins
Armour
 h - a +2 helmet of intelligence (worn)
 o - a +2 pair of gloves (worn)
 s - a +3 buckler of protection (worn)
 z - a +2 leather armour of willpower (worn)
 A - the +2 cloak of the Thief (worn) {*Fog Slay-2 SInv Stlth+}
   (You found it on level 2 of the Vaults)

   *Fog:      It may release a thick cloud of smoke when the wearer is hurt.
   Slay-2:    It affects your accuracy & damage with ranged weapons and melee
   (-2).
   SInv:      It lets you see invisible.
   Stlth+:    It makes you more stealthy.
 G - a +2 pair of boots (worn)
Jewellery
 n - a ring of protection from fire
 q - a ring of ice
 E - a ring of poison resistance
 O - a ring of willpower (right hand)
 P - a +4 ring of protection (left hand)
 V - an amulet of reflection (around neck)
 Y - a +6 ring of strength
Wands
 e - a wand of light (18)
 f - a wand of mindburst (32)
 p - a wand of charming (21)
 x - a wand of polymorph (18)
 U - a wand of flame (36)
Scrolls
 g - 3 scrolls of amnesia
 t - 6 scrolls of fog
 u - 2 scrolls of blinking
 v - 2 scrolls of vulnerability
 w - 4 scrolls of revelation
 y - 8 scrolls of poison
 L - 2 scrolls of butterflies
 M - 5 scrolls of fear
 R - 6 scrolls of teleportation
 X - 3 scrolls of silence
Potions
 c - 2 potions of invisibility
 i - 10 potions of haste
 k - 3 potions of cancellation
 l - 4 potions of magic
 m - 4 potions of heal wounds
 r - 2 potions of lignification
 B - 6 potions of ambrosia
 D - 2 potions of resistance
 J - a potion of berserk rage
 K - 5 potions of might
 N - 2 potions of mutation
 S - 10 potions of curing
 T - 8 potions of attraction
 W - a potion of enlightenment
Miscellaneous
 I - a phantom mirror (inert)


   Skills:
 * Level 18.7 Fighting
 + Level 11.1 Short Blades
 + Level 10.7 Armour
 + Level 15.6 Dodging
 + Level 19.1 Stealth
 - Level 6.0 Shields
 + Level 11.7 Spellcasting
 - Level 2.0 Conjurations
 + Level 18.9 Hexes
 + Level 6.0 Summonings
 - Level 4.0 Translocations
 + Level 7.6 Transmutations
 - Level 4.0 Ice Magic
 - Level 4.0 Air Magic
 + Level 10.7 Evocations


You had 2 spell levels left.
You knew the following spells:

 Your Spells              Type           Power      Damage    Failure   Level
a - Ensorcelled Hibernat  Hex/Ice        100%       N/A       1%          2
b - Confusing Touch       Hex            89%        N/A       0%          3
c - Tukima's Dance        Hex            89%        N/A       0%          3
d - Dazzling Flash        Conj/Hex       100%       N/A       1%          3
e - Slow                  Hex            100%       N/A       0%          1
f - Sigil of Binding      Hex            89%        N/A       0%          3
g - Silence               Hex/Air        34%        N/A       1%          5
h - Yara's Violent Unrav  Hex/Tmut       37%        3d15      1%          5
i - Blink                 Tloc           76%        N/A       1%          2
j - Summon Mana Viper     Hex/Summ       72%        N/A       1%          5
k - Call Canine Familiar  Summ           50%        N/A       1%          3
l - Summon Cactus Giant   Summ           25%        N/A       65%         6

Your spell library contained the following spells:

 Spells                   Type           Power      Damage    Failure   Level
 Freeze                   Ice            100%       1d10      1%          1
 Lesser Beckoning         Tloc           76%        N/A       1%          2
 Magic Dart               Conj           100%       1d8       3%          1
 Momentum Strike          Conj/Tloc      66%        3d9       3%          2
 Static Discharge         Conj/Air       66%        2-5/arc   3%          2
 Foxfire                  Conj/Fire      84%        2x1d8     4%          1
 Inner Flame              Hex/Fire       62%        N/A       1%          3
 Dimensional Bullseye     Hex/Tloc       34%        N/A       1%          4
 Leda's Liquefaction      Hex/Erth       31%        N/A       1%          4
 Frozen Ramparts          Ice            76%        1d12      4%          3
 Hailstorm                Conj/Ice       33%        3d8       6%          3
 Summon Lightning Spire   Summ/Air       44%        N/A       9%          4
 Airstrike                Air            19%        2d(3-19)  13%         4
 Passage of Golubria      Tloc           38%        N/A       13%         4
 Vhi's Electric Charge    Tloc/Air       76%        N/A       13%         4
 Petrify                  Tmut/Erth      37%        N/A       14%         4
 Vampiric Draining        Necr           16%        2d7       21%         3
 Animate Armour           Summ/Erth      66%        N/A       21%         4
 Iskenderun's Mystic Bla  Conj/Tloc      33%        2d8       21%         4
 Summon Forest            Summ/Tloc      22%        N/A       24%         5
 Flame Wave               Conj/Fire      21%        2d8       41%         4
 Sticky Flame             Conj/Fire      21%        2d4       41%         4
 Arcjolt                  Conj/Air       16%        1d26      50%         5
 Lee's Rapid Deconstruct  Erth           8%         3d7*      88%         5
 Conjure Ball Lightning   Conj/Air       16%        3x3d6     97%         6
 Plasma Beam              Fire/Air       13%        2x1d24    99%         6
 Bombard                  Conj/Erth      10%        9d3       100%        6
 Starburst                Conj/Fire      10%        6d5       100%        6
 Haunt                    Necr/Summ      16%        N/A       100%        7
 Lehudib's Crystal Spear  Conj/Erth      10%        10d4      100%        8
 Borgnjor's Revivificati  Necr           Unusable   N/A       N/A         8
 Death's Door             Necr           Unusable   N/A       N/A         9

Dungeon Overview and Level Annotations

Branches:
Dungeon (15/15)            Temple (1/1) D:4            Lair (5/5) D:11
  Swamp (4/4) Lair:3       Spider (4/4) Lair:3        Slime (0/5) Lair:4
    Orc (2/2) D:12            Elf (1/3) Orc:2        Vaults (4/5) D:14
  Crypt (0/3) Vaults:3     Depths (0/4) D:15         Bailey (visited)

Altars:
Ashenzari
Cheibriados
Dithmenos
Fedhas
Gozag
Hepliaklqana
Kikubaaqudgha
Makhleb
Nemelex Xobeh
Okawaru
Qazlal
Ru
Trog
Uskayaw
Vehumet
Wu Jian
Xom
Yredelemnul

Shops:
D:5 [   D:8 (   D:11 *   D:13 =   Orc:1 ?   Orc:2 ?*:(   Vaults:1 ?
Vaults:3 [(*[

Portals:
Pandemonium: Orc:2

Annotations:
D:12 dig vault (coins)
Lair:4 exclusion: 2 oklob plants


Innate Abilities, Weirdness & Mutations

Your natural rate of healing is accelerated.
You have razor-sharp teeth.
You have supernaturally acute eyesight. (SInv)
You are afflicted with vampirism and can become a bat while bloodless.
You are clumsy. (Dex -2)


Message History

You perforate the ironbound frostheart like a sieve!!!
You freeze the ironbound frostheart!
You kill the ironbound frostheart!
The Council accepts your kill. The peacekeeper bites you!
* * * LOW HITPOINT WARNING * * *
You block the peacekeeper's attack.
You hit the peacekeeper but do no damage.
The peacekeeper is severely damaged.
The peacekeeper misses you. The peacekeeper closely misses you.
You hit the peacekeeper but do no damage.
The peacekeeper is severely damaged.
You hit the peacekeeper but do no damage.
The peacekeeper is severely damaged.
You block the peacekeeper's attack. The peacekeeper barely misses you.
You hit the peacekeeper but do no damage.
The peacekeeper is severely damaged.
You block the peacekeeper's attack. x2
You puncture the peacekeeper! You freeze the peacekeeper.
The peacekeeper is almost destroyed.
The peacekeeper barely misses you.
The peacekeeper claws you but does no damage.
You hit the peacekeeper but do no damage.
You bite the peacekeeper, but do no damage.
The peacekeeper is almost destroyed.
The peacekeeper bites you!
* * * LOW HITPOINT WARNING * * *
You block the peacekeeper's attack.
You hit the peacekeeper but do no damage.
The peacekeeper is almost destroyed.
The peacekeeper bites you!!
* * * LOW HITPOINT WARNING * * *
The peacekeeper claws you!
* * * LOW HITPOINT WARNING * * *
You hit the peacekeeper but do no damage.
The peacekeeper is almost destroyed.
You hit the peacekeeper but do no damage.
The peacekeeper is almost destroyed.
The peacekeeper bites you!!
You die...

....................(...........#
................................#
####....####'###''############..#
#^...# #.###..## #..# #....#
#..#....# #..# #....# #..#....##
#..# #....# #........# #..#
####....# #....[...# #..#
...#....# #..#.@).## #..#
...'....# #..#9...# #..#
...#....# #.###..## #..#
...#....# ### #### #..# ...#....#
#..# ...#....# #..# ####....#
#..# #....# #..#
####....######################..#


You could see a peacekeeper (strong).

Vanquished Creatures
  Bai Suzhen (Swamp:3)
  Jorgrun (D:12)
  Asterion (Vaults:1)
  Kirke (Lair:3)
  A storm dragon (Vaults:3)
  A thorn hunter (Swamp:4)
  A tengu reaver (Vaults:2)
  A draconian knight (Vaults:2)
  4 ghost moths
  A deep elf sorcerer (Elf:1)
  9 emperor scorpions
  6 vault wardens
  15 ironbound preservers
  An orc warlord (Vaults:3)
  A stone giant (D:10)
  4 eleionomae
  An ironbound thunderhulk (Vaults:4)
  A vampire knight (Vaults:2)
  3 broodmothers
  A spark wasp (shapeshifter) (D:14)
  2 spark wasps
  24 dire elephants
  4 bunyips
  A deep elf death mage (Elf:1)
  An ettin (Vaults:3)
  5 yaktaur captains
  7 entropy weavers
  A great orb of eyes (Vaults:1)
  19 hydras
  3 vault guards
  7 radroaches
  3 ogre magi (D:15)
  2 demonspawn (Orc:2)
  4 centaur warriors
  2 ghost crabs
  2 catoblepae
  2 ice dragons (D:15)
  Erica (D:10)
  The ghost of nago the Fighter, a novice DrCA of Vehumet (D:10)
  8 alligators
  3 dancing weapons
  20 two-headed ogres
  11 boulder beetles
  8 ironbound frosthearts
  Urug (D:10)
  2 tengu warriors (D:13)
  8 demonic crawlers
  8 orc high priests
  Nergalle (Lair:2)
  Sonja (Lair:3)
  5 deep elf knights
  A soul eater (Orc:2)
  A skyshark (Lair:5)
  5 pharaoh ants
  3 goliath frogs
  2 sixfirhies (Orc:2)
  6 skeletal warriors
  8 sun moths
  54 deep trolls
  4 spriggan druids
  Lodul (D:10)
  The ghost of WhatIsLove the Thaumaturge, a novice DjFE of Makhleb (D:6)
  14 orb spiders
  10 wizards
  5 bog bodies
  14 ironbound convokers
  6 deep elf archers
  6 steelbarb worms
  13 swamp dragons
  8 orc knights
  3 harpies (Vaults:1)
  A necromancer (D:14)
  9 lindwurms
  6 orc sorcerers
  14 ugly things
  13 deep elf pyromancers
  11 deep elf zephyrmancers (Elf:1)
  25 wolf spiders
  4 manticores
  2 cyclopes
  4 will-o-the-wisps
  7 moths of wrath
  9 elephants
  4 black mambas
  A guardian serpent (shapeshifter) (Elf:1)
  12 vault sentinels
  15 cane toads
  8 torpor snails
  A cane toad (shapeshifter) (Elf:1)
  2 gargoyles
  4 rime drakes
  An ice devil (Orc:2)
  35 yaktaurs
  2 unseen horrors
  A freezing wraith (D:14)
  3 komodo dragons
  12 trolls
  6 polar bears
  A bloated husk (Swamp:1)
  30 tarantellas
  3 meliai (Spider:1)
  11 blink frogs
  5 tyrant leeches
  10 hornets
  15 dream sheep
  A raiju (Swamp:1)
  43 slime creatures
  19 jumping spiders
  31 culicivoras
  A shadow (D:12)
  22 spriggans
  3 wraiths
  19 humans (D:14)
  56 yaks
  3 wyverns
  7 basilisks
  A hog (Lair:3)
  79 redbacks
  A redback simulacrum (D:15)
  2 steam dragons
  6 vampire mosquitoes
  Menkaure (D:4)
  14 swamp worms
  5 wargs
  An acid dragon (D:12)
  15 water moccasins
  46 orc warriors
  10 swamp drakes (Swamp:4)
  A sky beast (D:6)
  6 black bears
  22 ogres
  9 boggarts
  15 centaurs
  29 wolves
  10 kobold brigands
  19 bullfrogs
  A gnoll sergeant (D:8)
  2 scorpions
  An earth elemental (Elf:1)
  10 wights
  8 killer bees
  3 electric eels
  9 howler monkeys
  34 orc priests
  4 hounds
  6 jellies
  4 sleepcaps
  Jessica (D:2)
  5 hell rats (Lair:4)
  Ijyb (D:5)
  2 iguanas
  20 orc wizards
  3 gnolls (D:8)
  6 adders
  A white imp (D:5)
  3 ufetubi
  A worm (D:3)
  3 dart slugs
  123 orcs
  10 endoplasms
  2 giant cockroaches (D:1)
  9 goblins
  4 hobgoblins
  2 jackals (D:1)
  5 quokkas
  3 ball pythons
  3 bats
  A frilled lizard (D:3)
  21 kobolds
  5 rats
1487 creatures vanquished.

Vanquished Creatures (collateral kills)
  Sojobo (Vaults:2)
  Frederick (Vaults:2)
  Saint Roka (Vaults:3)
  Nikola (Spider:2)
  A thorn hunter (Swamp:3)
  A ghost moth (Spider:4)
  A vault guard (D:14)
  A two-headed ogre (D:10)
  An orc sorcerer (Orc:2)
  Maggie (D:8)
  A basilisk (D:10)
  A swamp worm (Swamp:3)
  4 orc warriors
  3 centaurs (Bailey)
  4 wights (D:9)
  An orc priest (Orc:2)
  14 orcs
  A kobold (D:7)
  A spectral weapon (Vaults:1)
40 creatures vanquished.

Vanquished Creatures (others)
  An ironbound preserver (Vaults:3)
  A deep troll (Vaults:3)
  A deep elf pyromancer (Elf:1)
  18 dancing weapons
  3 yaktaurs (Vaults:3)
  2 bloated husks
  A culicivora (Spider:2)
  2 humans (Lair:3)
  3 vampire mosquitoes (Swamp:1)
  2 centaurs
  An orc priest (Orc:2)
  A white imp (D:8)
  2 orcs
  36 foxfires
74 creatures vanquished.

Grand Total: 1601 creatures vanquished

Notes
Turn   | Place    | Note
-------+----------+-------------------------------------------
     0 | D:1      | tilp the Vampire Enchanter began the quest for the Orb.
     0 | D:1      | Reached XP level 1. HP: 13/13 MP: 3/3
   220 | D:1      | Reached XP level 2. HP: 20/20 MP: 5/5
   223 | D:1      | Learned a level 2 spell: Ensorcelled Hibernation
   857 | D:1      | Reached skill level 1 in Fighting
  1210 | D:2      | Noticed Jessica
  1218 | D:2      | Killed Jessica
  1219 | D:2      | Gained mutation: You are afflicted with vampirism and can
                  | become a bat while bloodless. [Vampire growth]
  1219 | D:2      | Reached XP level 3. HP: 26/26 MP: 1/6
  1314 | D:2      | Reached skill level 5 in Stealth
  1449 | D:2      | Reached XP level 4. HP: 32/32 MP: 7/7
  1500 | D:2      | Learned a level 3 spell: Confusing Touch
  1629 | D:2      | Reached skill level 5 in Hexes
  1634 | D:2      | Reached XP level 5. HP: 20/38 MP: 2/8
  1896 | D:3      | Found a hazy altar of Hepliaklqana.
  2190 | D:3      | Learned a level 3 spell: Tukima's Dance
  2488 | D:4      | Noticed Menkaure
  2582 | D:4      | Killed Menkaure
  2583 | D:4      | Reached XP level 6. HP: 46/46 MP: 8/10
  2647 | D:4      | Found a staircase to the Ecumenical Temple.
  2662 | Temple   | Entered the Ecumenical Temple
  2699 | Temple   | Became a worshipper of the Wu Jian Council
  3132 | D:5      | Entered Level 5 of the Dungeon
  3152 | D:5      | Noticed Ijyb
  3190 | D:5      | Killed Ijyb
  3191 | D:5      | Reached skill level 1 in Evocations
  3252 | D:5      | Reached skill level 6 in Stealth
  3265 | D:5      | Reached XP level 7. HP: 39/52 MP: 6/11
  3566 | D:5      | Found Elampulu's Antique Armour Shop.
  3856 | D:5      | Reached XP level 8. HP: 49/60 MP: 7/13
  3939 | D:5      | Found an iron altar of Okawaru.
  4193 | D:5      | Bought a cloak for 121 gold pieces
  4276 | D:6      | Found a transporter.
  4279 | D:6      | Noticed WhatIsLove's ghost (novice DjFE)
  4286 | D:6      | Identified the +10 great mace of Jiewij {heavy, rPois rC+
                  | Will+ Dex+3}
  4286 | D:6      | Identified the +7 great mace of the Gloaming {flame, Dex+3}
  4286 | D:6      | Noticed a two-headed ogre
  4288 | D:6      | Reached skill level 5 in Short Blades
  4417 | D:6      | Reached skill level 7 in Stealth
  5152 | D:6      | Found a transporter.
  5219 | D:6      | Learned a level 3 spell: Dazzling Flash
  5221 | D:6      | Learned a level 1 spell: Slow
  5337 | D:7      | Reached * piety under Wu Jian
  5338 | D:7      | Reached skill level 5 in Fighting
  5745 | D:7      | Reached skill level 8 in Stealth
  5802 | D:7      | Reached XP level 9. HP: 68/68 MP: 10/15
  7249 | D:7      | Reached skill level 9 in Stealth
  7517 | D:7      | Reached skill level 5 in Spellcasting
  7525 | D:7      | Found an ancient bone altar of Kikubaaqudgha.
  7550 | D:7      | Reached ** piety under Wu Jian
  7790 | D:8      | Reached skill level 10 in Stealth
  7950 | D:8      | Found a snail-covered altar of Cheibriados.
  8098 | D:8      | Reached XP level 10. HP: 63/75 MP: 5/17
  8283 | D:8      | Found Lelygydgh's Hydra Hut.
  8287 | D:8      | Noticed a seven-headed hydra
  8376 | D:8      | Noticed Maggie
  8392 | D:8      | Killed Maggie
  8690 | D:8      | Reached skill level 10 in Short Blades
  9179 | D:9      | Reached skill level 1 in Conjurations
  9230 | D:9      | Reached *** piety under Wu Jian
  9266 | D:9      | Found a flagged portal.
  9285 | D:9      | Reached skill level 1 in Ice Magic
  9449 | Bailey   | Entered a bailey
  9511 | Bailey   | Reached skill level 1 in Shields
  9998 | Bailey   | Reached skill level 1 in Armour
 11126 | Bailey   | Reached **** piety under Wu Jian
 11517 | Bailey   | Learned a level 3 spell: Sigil of Binding
 11517 | Bailey   | Reached skill level 5 in Dodging
 11517 | Bailey   | Reached skill level 11 in Stealth
 11517 | Bailey   | Reached skill level 10 in Hexes
 11517 | Bailey   | Reached XP level 11. HP: 84/84 MP: 19/19
 12178 | D:10     | Entered Level 10 of the Dungeon
 12195 | D:10     | Noticed Urug
 12199 | D:10     | Killed Urug
 12200 | D:10     | Reached XP level 12. HP: 92/92 MP: 19/21
 12234 | D:10     | Found a runed translucent gate.
 12234 | D:10     | Found a runed translucent gate.
 12234 | D:10     | Noticed nago's ghost (novice DrCA)
 12235 | D:10     | Identified the +1 plate armour of the Present {Harm rF+}
 12236 | D:10     | Found a runed translucent gate.
 12246 | D:10     | Identified the +8 halberd of Makhleb, Threshing {drain, rC+
                  | rCorr Int+3}
 12265 | D:10     | Noticed a boulder beetle
 12265 | D:10     | Noticed a two-headed ogre
 12265 | D:10     | Noticed a two-headed ogre
 12277 | D:10     | Killed a boulder beetle
 12298 | D:10     | Killed a two-headed ogre
 12305 | D:10     | Killed a two-headed ogre
 12332 | D:10     | Noticed a stone giant
 12413 | D:10     | Killed a stone giant
 12562 | D:10     | Noticed a two-headed ogre
 12562 | D:10     | Noticed a two-headed ogre
 12581 | D:10     | Killed a two-headed ogre
 12587 | D:10     | Killed a two-headed ogre
 12677 | D:10     | Noticed Erica
 12679 | D:10     | Killed Erica
 12719 | D:10     | Noticed Lodul
 13082 | D:10     | Reached skill level 12 in Stealth
 13189 | D:10     | Identified the +7 long sword of Governance {drain, rPois}
 13211 | D:10     | Reached ***** piety under Wu Jian
 13220 | D:10     | Killed Lodul
 13327 | D:10     | Noticed a two-headed ogre
 13343 | D:10     | Killed a two-headed ogre
 13839 | D:11     | Found Queviy's Neck Hole.
 14001 | D:11     | Found a staircase to the Lair.
 14430 | D:11     | Noticed a two-headed ogre
 14432 | D:11     | Killed a two-headed ogre
 15052 | Lair:1   | Entered Level 1 of the Lair of Beasts
 15405 | Lair:1   | Reached skill level 10 in Fighting
 15411 | Lair:1   | Reached XP level 13. HP: 88/103 MP: 22/23
 16287 | Lair:2   | Noticed Nergalle
 16310 | Lair:2   | Killed Nergalle
 17323 | Lair:3   | Reached skill level 5 in Evocations
 17359 | Lair:3   | Found a hole to the Spider Nest.
 17390 | Lair:3   | Noticed Sonja
 17393 | Lair:3   | Killed Sonja
 17394 | Lair:3   | Reached skill level 5 in Armour
 17675 | Lair:3   | Noticed Kirke
 17692 | Lair:3   | Noticed a sphinx
 17704 | Lair:3   | Killed Kirke
 17976 | Lair:3   | Found a staircase to the Swamp.
 18557 | Lair:4   | Found a staircase to the Slime Pits.
 18750 | Lair:4   | Reached ****** piety under Wu Jian
 18997 | Lair:4   | Reached skill level 13 in Stealth
 19225 | Lair:4   | Reached XP level 14. HP: 111/111 MP: 25/25
 19552 | Lair:5   | Entered Level 5 of the Lair of Beasts
 22462 | D:12     | Noticed Jorgrun
 22465 | D:12     | Killed Jorgrun
 22717 | D:12     | Found a staircase to the Orcish Mines.
 23363 | D:12     | Learned a level 5 spell: Silence
 23698 | D:13     | Reached skill level 14 in Stealth
 23700 | D:13     | Reached skill level 15 in Hexes
 23837 | D:13     | Reached XP level 15. HP: 76/120 MP: 27/27
 24035 | D:13     | Found Vonoasuxt's Jewellery Emporium.
 24469 | Orc:1    | Entered Level 1 of the Orcish Mines
 24668 | Orc:1    | Found Kirob's Magic Scroll Shop.
 24782 | Orc:1    | Found a burning altar of Makhleb.
 24944 | Orc:1    | Bought a scroll of enchant armour for 90 gold pieces
 24944 | Orc:1    | Bought a scroll of enchant weapon for 90 gold pieces
 24961 | Orc:2    | Entered Level 2 of the Orcish Mines
 26382 | Orc:2    | Found a staircase to the Elven Halls.
 26483 | Orc:2    | Reached skill level 10 in Dodging
 26593 | Orc:2    | Found Ybicune's General Store.
 26594 | Orc:2    | Found Kaqi's Magic Scroll Shoppe.
 26749 | Orc:2    | Bought a scroll of enchant weapon for 97 gold pieces
 27113 | Orc:2    | Reached skill level 15 in Stealth
 27399 | Orc:2    | Gained mutation: You have large cloven feet. [a neqoxec]
 27400 | Orc:2    | Gained mutation: You sometimes lose your temper in combat.
                  | [a neqoxec]
 27404 | Orc:2    | Lost mutation: You sometimes lose your temper in combat.
                  | [potion of mutation]
 27404 | Orc:2    | Lost mutation: You have large cloven feet. [potion of
                  | mutation]
 27404 | Orc:2    | Gained mutation: You are clumsy. (Dex -2) [potion of
                  | mutation]
 27702 | Orc:2    | Paralysed by an orc sorcerer for 3 turns
 27767 | Orc:2    | Found Naon's Antique Weapon Shop.
 27767 | Orc:2    | Found a one-way gate leading to the halls of Pandemonium.
 27767 | Orc:2    | Found Ciuwupny's Book Boutique.
 27813 | Orc:2    | Bought a twisted dagger for 203 gold pieces
 27813 | Orc:2    | Identified the +8 dagger of Articulation {flame, rN+ SInv}
                  | (You bought it in a shop on level 2 of the Orcish Mines)
 27818 | Orc:2    | Bought Great Wizards, Vol. VII for 420 gold pieces
 27818 | Orc:2    | Bought a manual of Fighting for 1120 gold pieces
 27847 | Orc:2    | Bought a scroll of blinking for 97 gold pieces
 27849 | Orc:2    | Bought a potion of mutation for 104 gold pieces
 28774 | D:14     | Found a gate to the Vaults.
 28781 | D:14     | Identified the +2 pair of gloves of Araifux {*Slow rPois
                  | rN+}
 29342 | D:15     | Entered Level 15 of the Dungeon
 29401 | D:15     | Reached XP level 16. HP: 132/132 MP: 29/29
 29409 | D:15     | Learned a level 5 spell: Yara's Violent Unravelling
 29556 | D:15     | Reached skill level 1 in Transmutations
 29584 | D:15     | Reached skill level 1 in Air Magic
 29611 | D:15     | Reached XP level 17. HP: 68/139 MP: 23/30
 30221 | D:15     | Reached skill level 10 in Spellcasting
 30472 | D:15     | Found a staircase to the Depths.
 31085 | D:6      | Killed WhatIsLove's ghost
 31273 | D:10     | Killed nago's ghost
 31508 | Spider:1 | Entered Level 1 of the Spider Nest
 32929 | Spider:1 | Reached skill level 15 in Fighting
 33716 | Swamp:1  | Entered Level 1 of the Swamp
 36018 | Swamp:3  | Reached skill level 5 in Transmutations
 36515 | Swamp:3  | Noticed Bai Suzhen
 36539 | Swamp:3  | Killed Bai Suzhen
 36540 | Swamp:3  | Reached skill level 10 in Evocations
 36744 | Swamp:3  | Got an illuminated book
 36868 | Swamp:3  | HP: 6/142 [will-o-the-wisp/foxfire (8)]
 37203 | Swamp:3  | Learned a level 2 spell: Blink
 37368 | Swamp:3  | Identified the +7 bardiche of Saltpetre {pain, Stlth+}
 37494 | Swamp:3  | Learned a level 5 spell: Summon Mana Viper
 37509 | Swamp:4  | Entered Level 4 of the Swamp
 37517 | Swamp:4  | Reached skill level 1 in Translocations
 37565 | Swamp:3  | Reached XP level 18. HP: 94/149 MP: 23/33
 37567 | Swamp:3  | Reached skill level 1 in Summonings
 38902 | Swamp:4  | HP: 7/149 [poisoned by a swamp dragon (poison gas)]
 38909 | Swamp:3  | HP: 4/149 [poisoned by a swamp dragon (poison gas)]
 40560 | Swamp:4  | Identified the +1 spear "Demonslayer" {flame, rPois Dex+4}
 40614 | Swamp:4  | Got a decaying rune of Zot
 41029 | Orc:1    | Bought a scroll of revelation for 90 gold pieces
 41029 | Orc:1    | Bought a scroll of teleportation for 36 gold pieces
 41029 | Orc:1    | Bought a scroll of teleportation for 36 gold pieces
 41086 | Orc:2    | Bought a scroll of fear for 52 gold pieces
 42309 | Spider:2 | Noticed Nikola
 42351 | Spider:2 | Reached skill level 16 in Stealth
 42742 | Spider:2 | Killed Nikola
 45331 | Spider:3 | Reached XP level 19. HP: 159/159 MP: 29/34
 45361 | Spider:4 | Entered Level 4 of the Spider Nest
 45582 | Spider:4 | Reached skill level 17 in Stealth
 46941 | Spider:4 | Reached skill level 15 in Dodging
 48326 | Spider:4 | Got a gossamer rune of Zot
 48682 | Elf:1    | Entered Level 1 of the Elven Halls
 49375 | Elf:1    | Reached skill level 18 in Stealth
 49375 | Elf:1    | Reached skill level 5 in Shields
 50923 | Elf:1    | Got a moth-eaten book
 51144 | Vaults:1 | Entered Level 1 of the Vaults
 52946 | Vaults:1 | Noticed Asterion
 53178 | Vaults:1 | Killed Asterion
 53305 | Vaults:1 | Identified the +7 falchion "Sevux" {spect, rPois rF+ Str+3
                  | Int-4 SInv}
 53397 | Vaults:1 | Reached skill level 10 in Armour
 53397 | Vaults:1 | Reached XP level 20. HP: 170/170 MP: 35/35
 54020 | Vaults:1 | Learned a level 3 spell: Call Canine Familiar
 54027 | Vaults:1 | Learned a level 6 spell: Summon Cactus Giant
 54289 | Vaults:1 | Found Gam Alitt's Magic Scroll Shoppe.
 54297 | Vaults:1 | Bought a scroll of acquirement for 1092 gold pieces
 54297 | Vaults:1 | Bought a scroll of enchant armour for 157 gold pieces
 54298 | Vaults:1 | Acquired the +6 quick blade of Discord {vamp, Will+ Str+2}
 55483 | Vaults:2 | Noticed Sojobo
 55483 | Vaults:2 | Noticed Frederick
 56913 | Vaults:2 | Found the +2 cloak of the Thief {*Fog Slay-2 SInv Stlth+}
 56946 | Vaults:2 | You fall into a shaft and drop 2 floors!
 57249 | Vaults:3 | Found Rasar's General Store.
 57307 | Vaults:3 | Found Uraciu's Antique Weapon Boutique.
 57355 | Vaults:3 | Found a flickering gateway to a bazaar.
 57373 | Bazaar   | Entered a bazaar
 57373 | Bazaar   | Found Tetocs's General Store.
 57456 | Bazaar   | Found Afraic's Antique Armour Shop.
 57476 | Bazaar   | Found Deblow's Antique Weapon Shop.
 57498 | Bazaar   | Bought a scroll of enchant armour for 67 gold pieces
 58523 | Vaults:2 | Killed Frederick
 58524 | Vaults:2 | Reached skill level 5 in Summonings
 58815 | Vaults:2 | Killed Sojobo
 60214 | Vaults:3 | Found Qoumuifi's Antique Armour Shoppe.
 61146 | Vaults:3 | Found Vysustroo's Armour Emporium.
 61209 | Vaults:3 | Found a staircase to the Crypt.
 61209 | Vaults:3 | Found a basalt altar of Yredelemnul.
 61212 | Vaults:3 | Found an ancient bone altar of Kikubaaqudgha.
 61272 | Vaults:3 | Reached XP level 21. HP: 178/178 MP: 36/36
 61322 | Vaults:3 | Noticed Saint Roka
 61884 | Vaults:3 | Killed Saint Roka
 61885 | Vaults:3 | Reached skill level 19 in Stealth
 62335 | Vaults:4 | Upgraded the game from 0.31-a0-844-gdc52ec4e09 to
                  | 0.31-a0-845-g9abc20d24f
 63682 | Vaults:4 | Mangled by a peacekeeper

Illustrated notes

Levels and vault maps discovered:
D:1:      lightli_arrival_farm, layout_basic
D:2:      layout_rooms, uniq_jessica
D:3:      cheibrodos_helix_gallery, layout_basic,
          nicolae_hepliaklqana_hippocampus
D:4:      layout_basic, minmay_temple_entry_statues_pillars,
          minmay_misc_feat_rugged, uniq_menkaure
D:5:      layout_gridville, nicolae_overflow_squiral, serial_rivers,
          chequers_serial_rivers_small_a, chequers_serial_rivers_micro_b,
          chequers_serial_rivers_large_b, chequers_serial_rivers_small_3,
          serial_shops, nicolae_shop_rolling_square, uniq_ijyb
D:6:      layout_loops_ring, gammafunk_ghost_smash, hangedman_decor_lopped
D:7:      cheibrodos_fertilizer, layout_basic, marbit_many_paths,
          serial_co_window_serial, co_window_paths_a,
          co_window_of_opportunity_a, co_window_of_opportunity_a,
          co_window_corner_a, co_window_paths_b, co_window_of_opportunity_c,
          co_window_of_opportunity_c, co_window_2corner, co_window_broadway_c,
          co_window_of_opportunity_c, co_window_paths_e
D:8:      layout_loops_cross, mainiacjoe_overflow_cross_hatched,
          mainiacjoe_overflow_brackets, tgw_sif, doesnt_shop_hydraphobe,
          uniq_maggie
D:9:      layout_irregular_city, enter_bailey_5
D:10:     minmay_roctagon, layout_loops_ring, elyvilon_altar_1,
          biasface_ghost_orc_armoury, special_room [special_room_orc],
          uniq_urug, uniq_lodul, uniq_erica
D:11:     layout_roguey, erik_lair_orcish_takeover,
          nicolae_shop_sticking_my_neck_out
D:12:     layout_irregular_city, orc_0_dummy, serial_co_window_serial,
          co_window_paths_a, co_window_paths_a, co_window_of_opportunity_a,
          co_window_paths_a, co_window_paths_a, co_window_paths_a,
          co_window_of_opportunity_a, co_window_paths_a, co_window_paths_b,
          co_window_corner_ca, co_window_broadway_b, co_window_paths_c,
          co_window_cross_4, co_window_4corner_a, co_window_paths_d,
          glass_columns_b, glass_columns_a, zin_treasury, uniq_jorgrun
D:13:     layout_small_grid, serial_shops, nicolae_shop_gaudy_bauble
D:14:     layout_roguey, grunt_vaults_entry_tiered, minmay_misc_feat_five
D:15:     grunt_enter_depths_hoard, layout_stronghold, grunt_decor_clamped,
          minivault_24
Temple:   compressed_dpeg_circular_temple
Lair:1:   layout_hall_layers, serial_forest, infiniplex_forest_clump_medium,
          infiniplex_forest_lined_2, infiniplex_forest_zigzag_1,
          infiniplex_forest_clump_long, infiniplex_forest_clump_double,
          infiniplex_forest_end_double, infiniplex_forest_end_double,
          infiniplex_forest_zigzag_1, infiniplex_staircase_pool
Lair:2:   layout_cave_pods, minmay_holes, uniq_nergalle
Lair:3:   layout_cave_pods, minmay_swamp_entry_swarm,
          spider_nest_entry_web_field, uniq_sonja, uniq_kirke
Lair:4:   layout_roguey, minmay_slime_entry_oklob_open, st_stairs_7
Lair:5:   minmay_lair_end_enchanted_forest, layout_hall_layers,
          serial_bayou_shore_a, grunt_megastairs_4, infiniplex_staircase_pool_2
Swamp:1:  layout_basic_swamp, evilmike_swamp_ruin_house_5,
          beargit_elvish_explorers
Swamp:2:  nicolae_swamp_ascending_descending, layout_basic_swamp,
          hangedman_swamp_ruin_wall
Swamp:3:  layout_basic_swamp, evilmike_swamp_ruin_house_3, uniq_bai_suzhen
Swamp:4:  swamp_alternative, layout_basic_swamp
Spider:1: layout_spider_delve, nicolae_spider_solar_radiation
Spider:2: layout_chambers, nicolae_spider_checkerboard, uniq_nikola
Spider:3: layout_cave_pods
Spider:4: grunt_spider_rune_circles, nicolae_spider_rock_and_or_roll
Orc:1:    layout_diamond_mine, basic_altar, serial_shops,
          nicolae_shop_tiny_glass, bloody_makhleb
Orc:2:    pf_orc_diabolical, layout_caves, basic_altar
Elf:1:    layout_loops_corners, minmay_elf_sorcery
Vaults:1: vaults_room_ringed_pool, v_misc_14, nicolae_vaults_weapon_check,
          v_alt_pattern_2, hangedman_vaults_river_flow,
          vaults_standard_mumra_lines, nicolae_vaults_trapezoid_lopsided_4,
          nicolae_vaults_sealed_display, hangedman_vaults_stitches,
          vaults_room_fancy_cross, nicolae_vaults_theta,
          hangedman_vaults_stretched_pinwheel, layout_vaults_big_cross,
          serial_shops, nicolae_shop_crystal, uniq_asterion
Vaults:2: sword_in_stone, grunt_vaults_trifunnel, nicolae_vaults_two_Ls,
          nicolae_vaults_stairing_the_circle, nicolae_vaults_storage_room_glass,
          v_rooms_5, ontoclasm_vaults_hangar, vaults_dpeg_encased_lava,
          nicolae_vaults_network_square, layout_vaults_maze_bifur
Vaults:3: nicolae_vaults_triangles, ontoclasm_vaults_bender,
          nicolae_vaults_mitosis, nicolae_vaults_tetromino_Z_2,
          ontoclasm_vaults_shuriken, minmay_crypt_entry_necro_gods,
          ontoclasm_vaults_chip, nicolae_vaults_quartermaster,
          hangedman_vaults_cutoff, nicolae_vaults_taking_the_gang_shopping,
          v_alt_pattern_6, nicolae_vaults_tetromino_L_1, layout_vaults_big_room,
          serial_shops, bzr_entry_safe, shop, shop_statue, shop, uniq_saint_roka
Vaults:4: nicolae_vaults_three_branches, nicolae_vaults_tetromino_Z_1,
          nicolae_vaults_sesquioval_fish, grunt_vaults_twisty,
          hangedman_vaults_snaps, layout_vaults_quadrants, uniq_frederick

Skill      XL: |  1  2  3  4  5  6  7  8  9 10 11 12 13 14 15 16 17 18 19 20 21 |
---------------+----------------------------------------------------------------+-----
Fighting       | 1 2 3 4 5 6 7 10 11 13 14 15 16 18 | 18.7
Short Blades   | 2 3 4 6 9 10 11 | 11.1
Stealth        | 5 6 8 10 11 12 13 14 15 16 18 19 | 19.1
Hexes          | 5 6 7 8 10 12 13 15 16 17 18 | 18.9
Dodging        | 3 4 5 8 9 10 11 12 14 15 | 15.6
Evocations     | 1 2 3 4 5 7 8 10 | 10.7
Spellcasting   | 3 4 5 6 7 8 9 11 | 11.7
Conjurations   | 2 |  2.0
Ice Magic      | 1 2 4 |  4.0
Shields        | 3 4 6 |  6.0
Armour         | 2 4 5 6 7 10 | 10.7
Transmutations | 1 6 7 |  7.6
Air Magic      | 1 4 |  4.0
Translocations | 1 2 3 4 |  4.0
Summonings     | 4 5 6 |  6.0

Action                     |  1- 3 |  4- 6 |  7- 9 | 10-12 | 13-15 | 16-18 | 19-21 || total
---------------------------+-------+-------+-------+-------+-------+-------+-------++-------
  Melee: Dagger            |    68 |   104 |   312 |   414 |  1033 |   930 |  1136 ||  3997
         Bite              |     2 |    10 |    31 |    49 |   127 |   148 |   191 ||   558
  Throw: Dart              |       |       |     3 |     1 |     6 |     4 |     6 ||    20
   Cast: Ensorcelled Hiber |    11 |    15 |    72 |   134 |   394 |   402 |   442 ||  1470
         Confusing Touch   |       |     1 |    16 |    10 |    58 |    39 |    37 ||   161
         Tukima's Dance    |       |       |    17 |    28 |    38 |     7 |     8 ||    98
         Dazzling Flash    |       |       |     3 |     4 |    41 |    82 |    83 ||   213
         Sigil of Binding  |       |       |       |       |     1 |     2 |     2 ||     5
         Silence           |       |       |       |       |       |     2 |     3 ||     5
         Summon Mana Viper |       |       |       |       |       |     3 |    10 ||    13
         Yara's Violent Un |       |       |       |       |       |     1 |     5 ||     6
         Call Canine Famil |       |       |       |       |       |       |     6 ||     6
         Blink             |       |       |       |       |       |       |     1 ||     1
Ability: Lunge             |       |     1 |    21 |    61 |    83 |    85 |   118 ||   369
         Whirlwind         |       |       |     5 |     7 |    27 |    33 |    94 ||   166
  Evoke: Wand              |       |       |     3 |     4 |       |     9 |     9 ||    25
         Phantom mirror    |       |       |       |       |       |     3 |     3 ||     6
    Use: Scroll            |     3 |     7 |     6 |    11 |    14 |    11 |    13 ||    65
         Potion            |       |     1 |       |     2 |     2 |    13 |       ||    18
   Stab: Sleeping          |    15 |    15 |    41 |    87 |   262 |   252 |   306 ||   978
         Confused          |       |     1 |    12 |     7 |    51 |    37 |    28 ||   136
         Invisible         |       |       |     1 |     4 |    39 |    44 |    62 ||   150
         Distracted        |       |       |     1 |     2 |     4 |       |       ||     7
 Armour: Robe              |    25 |    36 |    10 |       |       |       |       ||    71
         Leather armour    |       |       |    84 |   169 |   371 |   745 |   564 ||  1933
  Dodge: Dodged            |    38 |    31 |   108 |   163 |   411 |   628 |   635 ||  2014
  Block: Buckler           |       |     1 |    44 |    96 |   408 |   520 |   638 ||  1707
         Reflection        |       |       |       |       |    30 |    10 |    63 ||   103

Table legend: (Time is in decaauts)
 A = Elapsed time spent in this place.
 B = Non-inter-level travel time spent in this place.
 C = Inter-level travel time spent in this place.
 D = Time resting spent in this place.
 E = Time spent auto-exploring this place.
 F = Levels seen in this place.
 G = Mean time per level.
                   A        B        C        D        E       F      G
               +--------+--------+--------+--------+--------+-----+--------+
         Total |  62515 |  57224 |   5291 |  19021 |  23520 |  38 | 1645.1 |
       Dungeon |  18508 |  16917 |   1591 |   1998 |  11771 |  15 | 1233.9 |
        Temple |     67 |      8 |     59 |      0 |      7 |   1 |   67.0 |
          Lair |   8291 |   7536 |    755 |   1650 |   4371 |   5 | 1658.2 |
         Swamp |   6871 |   6540 |    331 |   3315 |   1892 |   4 | 1717.8 |
   Spider Nest |   8354 |   7804 |    550 |   2863 |   2772 |   4 | 2088.5 |
  Orcish Mines |   3717 |   3126 |    591 |   1202 |   1029 |   2 | 1858.5 |
   Elven Halls |   2273 |   2066 |    207 |    840 |    738 |   1 | 2273.0 |
        Vaults |  12136 |  10932 |   1204 |   5792 |    659 |   4 | 3034.0 |
        Bazaar |    138 |    138 |      0 |      0 |    108 |   1 |  138.0 |
        Bailey |   2155 |   2155 |      0 |   1360 |    172 |   1 | 2155.0 |
               +--------+--------+--------+--------+--------+-----+--------+

Top non-repeatable levels by time:
Vaults:1: 4506 daAuts
Vaults:2: 3402 daAuts
Vaults:3: 2823 daAuts
   Orc:2: 2807 daAuts
  Lair:5: 2647 daAuts
Spider:4: 2607 daAuts
     D:7: 2469 daAuts
  Lair:3: 2437 daAuts
   Elf:1: 2273 daAuts
 Swamp:3: 2194 daAuts
  Bailey: 2155 daAuts
Spider:1: 1988 daAuts
 Swamp:4: 1956 daAuts
Spider:3: 1887 daAuts
Spider:2: 1870 daAuts
